 Dungeon Sprint DCSS version 0.28.0-53-g5a82cb258f (webtiles) character file.

Game seed: 2099855993843091662

67 Zeld the Magician (level 4, 0/24 HPs)
             Began as a Deep Elf Conjurer on May 29, 2022.
             Killed from afar by an oklob sapling (24 damage)
             ... with a splash of acid
             ... in the Dungeon (Sprint IV: "Fedhas' Mad Dash").
             The game lasted 00:00:43 (1354 turns).

Zeld the Magician (Deep Elf Conjurer)               Turns: 1354, Time: 00:00:43

Health: 0/24       AC:  2    Str:  4    XL:     4   Next: 0%
Magic:  13/15      EV: 12    Int: 25    God:
Gold:   0          SH:  0    Dex: 13    Spells: 4/18 levels left

rFire   . . .      SeeInvis .   (no weapon)
rCold   . . .      Faith    .   (no shield)
rNeg    . . .      Spirit   .   a - +0 robe
rPois   .          Reflect  .   (no helmet)
rElec   .          Harm     .   (no cloak)
rCorr   .          Rampage  .   (no gloves)
Will    .....      NoTele   +   (no boots)
Stlth   ++........              (no amulet)
HPRegen 0.08/turn               (no ring)
MPRegen 0.14/turn               (no ring)

@: no status effects
A: no striking features
a: no special abilities


You were in the Dungeon.
You visited 1 branch

Inventory:

Armour
 a - a +0 robe (worn)
Scrolls
 g - a scroll of blinking
Potions
 b - a potion of curing
 c - a potion of heal wounds
 d - a potion of haste
 e - 2 potions of magic
 f - a potion of berserk rage


   Skills:
 - Level 2.4 Dodging
 - Level 2.4 Stealth
 * Level 7.8 Spellcasting
 * Level 7.5 Conjurations
 + Level 0.0 Hexes
 + Level 0.0 Translocations


You had 4 spell levels left.
You knew the following spells:

 Your Spells              Type           Power      Damage    Failure   Level
a - Magic Dart            Conj           100%       1d8       1%          1
b - Searing Ray           Conj           94%        2d7       1%          2
c - Fulminant Prism       Conj/Hex       14%        3d9       13%         4
d - Iskenderun's Mystic   Conj/Tloc      28%        2d7       13%         4
z - Dazzling Flash        Conj/Hex       56%        N/A       4%          3

Your spell library contained the following spells:

 Spells                   Type           Power      Damage    Failure   Level


Dungeon Overview and Level Annotations

Branches:
Dungeon (1/1)

Altars:

Annotations:
D exclusion: oklob sapling


Message History

Adjust (i)tems, (s)pells, or (a)bilities?
Adjust which spell? c - Dazzling Flash Adjust to which letter? z - Dazzling Flash This spell is extremely dangerous to cast!
Memorise Fulminant Prism, consuming 4 spell levels and leaving 8?
You start memorising the spell.
You continue memorising. x4
You finish memorising.
Spell assigned to 'c'.
This spell is extremely dangerous to cast!
Memorise Iskenderun's Mystic Blast, consuming 4 spell levels and leaving 4? [Y]es or [N]o only, please.
Memorise Iskenderun's Mystic Blast, consuming 4 spell levels and leaving 4? [Y]es or [N]o only, please.
Memorise Iskenderun's Mystic Blast, consuming 4 spell levels and leaving 4?
You start memorising the spell.
You continue memorising. x4
You finish memorising.
Spell assigned to 'd'.
Unknown command.
You already know all available spells.
Unknown command.
You see here a scorpion corpse.
You start resting.
You start resting.
Magic restored.
You start waiting.
Done waiting.
You start waiting.
Done waiting.
Really walk into a travel-excluded area?
Casting: Searing Ray (safe; 1% risk of failure)
Confirm with . or Enter, or press ? or * to list all spells.
Aiming: Searing Ray (safe; 1% risk of failure)
Press: ? - help, Shift-Dir - straight line, f - oklob sapling
Aim: an oklob sapling (100% to hit)
The searing ray hits the oklob sapling but does no damage. (Press . to maintain the ray.)
The oklob sapling spits acid at you. The splash of acid hits you!!
Ouch! That really hurt!
You die...

#################
#<..P#.....#.$$$$
#PP..'.[.@.'.#
#PPPP#.....#P#
############


You could see an oklob sapling.

Vanquished Creatures
  A scorpion (D)
  A river rat (D)
  A rat (D)
3 creatures vanquished.

Notes
Turn   | Place    | Note
-------+----------+-------------------------------------------
     0 | D        | Zeld the Deep Elf Conjurer began the quest for the Orb.
     0 | D        | Reached XP level 1. HP: 10/10 MP: 6/6
    12 | D        | Reached skill level 5 in Conjurations
    12 | D        | Reached XP level 2. HP: 15/15 MP: 0/9
    18 | D        | Learned a level 2 spell: Searing Ray
   342 | D        | Noticed an oklob sapling
  1056 | D        | Noticed a scorpion
  1063 | D        | Killed a scorpion
  1064 | D        | Reached XP level 3. HP: 19/19 MP: 2/14
  1064 | D        | Reached XP level 4. HP: 24/24 MP: 2/15
  1068 | D        | Learned a level 3 spell: Dazzling Flash
  1073 | D        | Learned a level 4 spell: Fulminant Prism
  1078 | D        | Learned a level 4 spell: Iskenderun's Mystic Blast
  1354 | D        | Killed from afar by an oklob sapling

Illustrated notes

Levels and vault maps discovered:
D:        dungeon_sprint_fedhas [sprint_temple]

Skill      XL: |  1  2 |
---------------+-------+-----
Spellcasting   | 4 7 |  7.8
Conjurations   | 5 7 |  7.5
Dodging        | |  2.4
Stealth        | |  2.4

Action                   |  1- 3 |  4- 6 || total
-------------------------+-------+-------++-------
Melee: Unarmed           |     2 |       ||     2
       Punch             |     1 |       ||     1
 Cast: Magic Dart        |     6 |       ||     6
       Searing Ray       |     2 |     1 ||     3
Dodge: Dodged            |     3 |       ||     3
